 Dungeon Crawl Stone Soup version 0.26-a0-778-g3fe0686644 (webtiles) character file.

Game seed: 9138476335661627698

202565 miscthings the Cleaver (level 17, -1/158 HPs)
             Began as a Palentonga Delver on Nov 10, 2020.
             Was the Champion of Okawaru.
             Slain by an eight-headed hydra (10 damage)
             ... called by a spriggan druid
             ... on level 1 of the Swamp.
             The game lasted 01:28:41 (33024 turns).

miscthings the Cleaver (Palentonga Delver)         Turns: 33024, Time: 01:28:41

Health: -1/158     AC: 41    Str: 17    XL:     17   Next: 95%
Magic:  0/24       EV: 10    Int: 16    God:    Okawaru [******]
Gold:   651        SH: 11    Dex: 13    Spells: 16/16 levels left

rFire    x . .     SeeInvis +   P - +8 whip "Snakebite" {curare, rPois}
rCold    + . .     Faith    .   T - +0 kite shield
rNeg     + . .     Spirit   +   x - +7 plate armour of Least Resistance {rElec rF- MR+}
rPois    +         Reflect  .   y - +2 helmet {Int+3}
rElec    +         Harm     .   l - scarf {+Inv}
rCorr    +         Rampage  +   B - +2 pair of gloves of Negligence {Rampage}
MR       ++...                  F - +2 barding {rC+}
Stlth    ..........             Q - amulet of guardian spirit
HPRegen  0.36/turn              V - +4 ring of evasion
MPRegen  0.19/turn              H - ring "Emuuben" {+Fly rPois rN+ rCorr}

@: about to teleport, very slightly contaminated, invisible, curled up
A: large, rugged brown scales 3, see invisible, deformed body, mutation
resistance 1, weak 1, roll, armoured tail, reflexive curl
}: 1/15 runes: barnacled
a: Rolling Charge, Heroism, Finesse, Renounce Religion, Evoke Flight


You were on level 1 of the Swamp.
You worshipped Okawaru.
Okawaru was exalted by your worship.
You visited 6 branches of the dungeon, and saw 29 of its levels.
You also visited: Gauntlet.

You collected 3238 gold pieces.
You spent 2587 gold pieces at shops.

Inventory:

Hand Weapons
 P - the +8 whip "Snakebite" (weapon) {curare, rPois}
   (You found it on level 1 of the Lair of Beasts)

   It poisons the flesh of those it strikes.
   It protects you from poison.
Missiles
 E - 9 throwing nets (quivered)
Armour
 l - a scarf of invisibility (worn)
 x - the +7 plate armour of Least Resistance (worn) {rElec rF- MR+}
   (You found it on level 9 of the Dungeon)

   It makes you vulnerable to fire.
   It insulates you from electricity.
   It affects your resistance to hostile enchantments.
 y - a +2 helmet of intelligence (worn)
 B - the +2 pair of gloves of Negligence (worn) {Rampage}
   (Okawaru gifted it to you on level 1 of the Lair of Beasts)

   It bestows one free step when moving towards enemies.
 F - a +2 barding of cold resistance (worn)
 S - a +2 barding of fire resistance
 T - a +0 kite shield (worn)
Jewellery
 G - an uncursed ring of protection from fire
 H - the ring "Emuuben" (right hand) {+Fly rPois rN+ rCorr}
   (You acquired it on level 3 of the Lair of Beasts)

   [ring of resist corrosion]

   It protects you from poison.
   It protects you from negative energy.
   It lets you fly.
   It provides partial protection from all sources of acid and corrosion.
 O - an uncursed ring of protection from cold
 Q - an amulet of guardian spirit (around neck)
 V - a +4 ring of evasion (left hand)
Wands
 b - a wand of acid (7)
 e - a wand of disintegration (31)
 g - a wand of digging (8)
 k - a wand of enslavement (4)
 r - a wand of iceblast (11)
 R - a wand of flame (68)
 X - a wand of paralysis (7)
Scrolls
 c - 5 scrolls of fog
 d - 4 scrolls of magic mapping
 i - 7 scrolls of identify {@r1}
 j - 6 scrolls of fear
 m - 15 scrolls of remove curse
 n - a scroll of immolation
 q - a scroll of vulnerability
 w - 6 scrolls of blinking
 A - 12 scrolls of teleportation
 D - 4 scrolls of enchant armour
 L - 3 scrolls of summoning
Potions
 a - 4 potions of attraction
 f - 3 potions of haste
 h - 5 potions of mutation
 p - 6 potions of flight
 s - 5 potions of lignification
 v - 13 potions of heal wounds
 z - 6 potions of ambrosia
 C - 10 potions of curing
 I - 4 potions of magic
 J - 2 potions of cancellation
 N - 3 potions of brilliance
 U - 2 potions of berserk rage
 W - a potion of might
 Y - a potion of invisibility
Miscellaneous
 u - a box of beasts (inert)
 K - a condenser vane
 M - a lightning rod (4/4)
 Z - a phantom mirror


   Skills:
 + Level 12.8 Fighting
   Level 14.0(14.6) Axes
 - Level 8.0(12.0) Maces & Flails
 - Level 5.0 Throwing
 + Level 10.7 Armour
 + Level 10.8 Dodging
 - Level 3.3 Stealth
 - Level 9.0 Shields
 - Level 10.0 Invocations
 - Level 12.0 Evocations


You had 16 spell levels left.
You didn't know any spells.
Your spell library contained the following spells:

 Spells                   Type           Power        Failure   Level
 Corona                   Hex            #......      99%         1
 Freeze                   Ice            #...         99%         1
 Sandblast                Erth           #.....       99%         1
 Ensorcelled Hibernation  Hex/Ice        #.....       100%        2
 Passwall                 Tmut/Erth      #.......     100%        2
 Slow                     Hex            #.......     100%        2
 Confusing Touch          Hex            #.......     100%        3
 Dazzling Flash           Conj/Hex       #.....       100%        3
 Frozen Ramparts          Ice            #.....       100%        3
 Gell's Gravitas          Tloc           #.........   100%        3
 Inner Flame              Hex/Fire       #.......     100%        3
 Ozocubu's Armour         Ice            #.......     100%        3
 Portal Projectile        Hex/Tloc       #.....       100%        3
 Stone Arrow              Conj/Erth      #.....       100%        3
 Tukima's Dance           Hex            #.......     100%        3
 Animate Dead             Necr           #.........   100%        4
 Cause Fear               Hex            #.........   100%        4
 Hailstorm                Conj/Ice       #.......     100%        4
 Leda's Liquefaction      Hex/Erth       #.........   100%        4
 Petrify                  Tmut/Erth      #.......     100%        4
 Summon Ice Beast         Ice/Summ       #.......     100%        4
 Bolt of Magma            Conj/Fire/Erth #.........   100%        5
 Borgnjor's Vile Clutch   Necr/Erth      #.........   100%        5
 Iskenderun's Battlesphe  Conj           #.......     100%        5
 Lee's Rapid Deconstruct  Erth           #.........   100%        5
 Metabolic Englaciation   Hex/Ice        #.........   100%        5
 Silence                  Hex/Air        #.........   100%        5
 Yara's Violent Unravell  Hex/Tmut       #.........   100%        5
 Death Channel            Necr           #.........   100%        6
 Dispersal                Tloc           #.........   100%        6
 Iron Shot                Conj/Erth      #.........   100%        6
 Simulacrum               Ice/Necr       #.........   100%        6
 Haunt                    Necr/Summ      #.........   100%        7
 Orb of Destruction       Conj           #.........   100%        7
 Spellforged Servitor     Conj/Summ      #.........   100%        7
 Borgnjor's Revivificati  Necr           #.........   100%        8
 Chain Lightning          Conj/Air       #.........   100%        8
 Discord                  Hex            #.........   100%        8
 Disjunction              Tloc           #.........   100%        8
 Infestation              Necr           #.........   100%        8
 Lehudib's Crystal Spear  Conj/Erth      #.........   100%        8
 Necromutation            Tmut/Necr      #.........   100%        8
 Absolute Zero            Ice            #.........   100%        9
 Death's Door             Necr           #.........   100%        9
 Fire Storm               Conj/Fire      #.........   100%        9


Dungeon Overview and Level Annotations

Branches:
Dungeon (15/15)            Temple (1/1) D:6            Lair (6/6) D:8
  Swamp (1/4) Lair:4       Shoals (4/4) Lair:4        Slime (0/5) Lair:6
    Orc (2/2) D:11            Elf (0/3) Orc:2        Vaults (0/5) D:13
 Depths (0/5) D:15        Gauntlet (visited)
  Snake: Lair:2-4    Spider: Lair:2-4

Altars:
Ashenzari
Dithmenos
Elyvilon
Fedhas
Kikubaaqudgha
Makhleb
Okawaru
Qazlal
Ru
Trog
Yredelemnul
The Shining One

Shops:
D:5 ?   D:15 (   Orc:2 ([}}?(!}:   Shoals:3 (   Shoals:4 (}!=:


Innate Abilities, Weirdness & Mutations

You are completely covered in rugged brown scales. (AC +3, +7% HP)
You have supernaturally acute eyesight. (SInv)
Armour fits poorly on your strangely shaped body.
You can roll at foes to attack.
You have a long armoured tail.
You curl defensively after being hit.
You are somewhat resistant to further mutation.
You are weak. (Str -2)


Message History

* * * LOW HITPOINT WARNING * * *
The bunyip barely misses you. x2
The eight-headed hydra barely misses you.
You block the eight-headed hydra's attack.
The eight-headed hydra misses you.
The eight-headed hydra closely misses you.
The eight-headed hydra bites you.
* * * LOW HITPOINT WARNING * * *
The eight-headed hydra barely misses you.
The eight-headed hydra misses you.
You block the eight-headed hydra's attack.
The alligator bites you but does no damage.
The alligator tail-slaps you but does no damage.
The eight-headed hydra bites you but does no damage.
The eight-headed hydra bites you.
* * * LOW HITPOINT WARNING * * *
The eight-headed hydra bites you but does no damage. x2
You block the eight-headed hydra's attack. x2
The eight-headed hydra bites you!
You die...

.≈≈≈≈...........
.≈≈≈..≈.≈..≈≈≈≈≈.
♣.≈≈...÷≈♣(≈≈≈≈§≈. ###
...♣.....≈≈≈..≈♣ ..#♣
♣♣♣≈.≈≈..§≈≈≈..♣ .#≈
♣≈≈.≈≈x≈.≈≈≈≈≈.♣
#≈♣♣≈♣..)t≈≈≈≈≈≈≈♣
##'##.≈.♣♣♣≈wD≈≈≈≈≈..♣♣
.≈.≈.≈....♣≈..@≈≈≈≈§..♣
.....♣≈....♣≈?≈≈)≈≈≈§.♣
♣....≈....w≈§.≈≈.≈≈≈≈♣♣
♣....♣♣♣≈♣♣♣♣...≈≈≈≈.♣ ♣♣♣...
♣♣.♣♣♣≈..≈.≈[.♣ ♣♣♣
≈.♣...♣♣♣♣.≈=♣♣♣♣≈..≈≈≈♣ ♣..
≈≈.≈≈≈≈≈♣.≈≈.♣♣♣≈≈≈≈≈≈.♣♣♣ ♣≈≈
≈.§≈≈≈≈..>≈§≈...≈≈≈..≈...♣♣♣♣♣♣..
≈(≈≈≈≈≈.♣.≈≈.≈≈.≈≈≈.....♣.....≈≈≈


You could see a bunyip (strong), an alligator (strong, swift), an eight-headed
hydra (strong) and 2 tyrant leeches.

Vanquished Creatures
  Rupert (D:12)
  2 krakens
  Kirke (D:15)
  A frost giant (Shoals:4)
  2 vampire knights (D:14)
  A bunyip (Swamp:1)
  A minotaur (Gauntlet)
  5 merfolk javelineers (Shoals:4)
  Snorg (Orc:2)
  An ettin (D:15)
  9 merfolk impalers
  5 ogre magi
  5 vault guards (D:13)
  3 boulder beetles
  7 hydras
  3 alligator snapping turtles
  5 catoblepae
  4 merfolk aquamancers
  5 centaur warriors
  A merfolk avatar (Shoals:3)
  19 two-headed ogres
  A ghost crab (Swamp:1)
  12 death yaks
  A satyr (Shoals:2)
  A tengu warrior (D:15)
  An alligator (Swamp:1)
  A deep elf knight (D:15)
  A goliath frog (Swamp:1)
  Urug (D:12)
  An orc high priest (Orc:1)
  4 skeletal warriors (D:15)
  9 sea snakes
  2 wizards
  An orange crystal statue (D:9)
  A swamp dragon (Swamp:1)
  A deep elf archer (D:15)
  2 spriggan druids (Swamp:1)
  22 harpies
  A bog body (Swamp:1)
  A lindwurm (Lair:5)
  5 orc knights
  2 necromancers
  4 orc sorcerers
  An oklob plant (Lair:3)
  8 fauns
  A worldbinder (Gauntlet)
  5 slime creatures
  6 cyclopes
  16 manticores
  16 elephants
  10 ugly things (D:14)
  A centaur zombie (D:10)
  7 merfolk sirens
  8 water nymphs
  11 black mambas
  A molten gargoyle (Gauntlet)
  2 torpor snails
  6 gargoyles
  14 cane toads
  2 minotaur zombies (Gauntlet)
  2 kobold demonologists (D:15)
  4 rime drakes (Lair:4)
  An efreet (D:13)
  A tengu conjurer (D:13)
  14 komodo dragons
  6 yaktaurs
  7 polar bears
  A queen bee (D:9)
  A hydra zombie (Swamp:1)
  3 meliai (D:13)
  27 merfolk
  4 wind drakes
  7 trolls
  A bloated husk (Swamp:1)
  A harpy zombie (Shoals:3)
  6 tyrant leeches
  A hornet (Swamp:1)
  A blink frog (shapeshifter) (D:15)
  21 blink frogs
  9 dream sheep
  11 snapping turtles
  Sigmund (D:3)
  10 water elementals
  A wraith (D:13)
  3 wyverns
  A centaur simulacrum (D:15)
  2 vampires
  4 hogs (D:15)
  2 shadows
  A spriggan (Swamp:1)
  A fire bat (shapeshifter) (D:15)
  64 yaks
  5 basilisks
  A chaos spawn (Gauntlet)
  A neqoxec (Gauntlet)
  2 steam dragons
  5 vampire mosquitoes
  5 swamp worms
  A warg (Orc:2)
  2 acid dragons
  19 water moccasins
  A soldier ant (D:10)
  A swamp drake (D:12)
  A sky beast (D:7)
  6 ice beasts
  3 elephant zombies (Lair:5)
  2 hornet zombies
  3 manticore zombies (Shoals:3)
  21 orc warriors
  A swamp dragon zombie (Swamp:1)
  2 eyes of draining
  37 ogres
  7 boggarts
  3 phantoms
  7 black bears
  18 wolves
  A necrophage (D:10)
  10 centaurs
  3 big kobolds
  2 komodo dragon zombies (Lair:5)
  A gnoll sergeant (Orc:2)
  20 bullfrogs
  A wyvern zombie (D:13)
  A water moccasin zombie (D:6)
  3 scorpions
  29 killer bees
  4 howler monkeys
  5 electric eels
  6 bullfrog zombies
  5 jellies
  Crazy Yiuf (D:5)
  6 hounds
  22 orc wizards
  9 orc priests
  3 centaur skeletons
  3 bullfrog skeletons
  A gnoll shaman (Orc:1)
  8 iguanas
  11 worker ants
  5 hell rats (Lair:4)
  A hound zombie (D:10)
  A hound skeleton (D:7)
  A worker ant zombie (D:5)
  12 gnolls
  13 adders
  A river rat (D:6)
  A swamp drake zombie (Swamp:1)
  2 shadow imps
  A white imp (D:7)
  6 ufetubi
  3 oozes
  4 adder zombies
  An adder skeleton (D:5)
  4 worms
  5 leopard geckos
  85 orcs
  8 giant cockroaches
  10 goblins
  9 hobgoblins
  5 jackals (D:7)
  4 quokkas
  3 ball pythons (D:6)
  A ball python skeleton (D:6)
  7 bats
  6 frilled lizards
  18 kobolds
  2 leopard gecko zombies
  2 quokka skeletons
  7 rats
1028 creatures vanquished.

Vanquished Creatures (collateral kills)
  A harpy zombie (Shoals:3)
  A swamp dragon zombie (Swamp:1)
2 creatures vanquished.

Vanquished Creatures (others)
  A bunyip (Swamp:1)
  A merfolk javelineer (Shoals:4)
  2 death yaks (Lair:6)
  A satyr (shapeshifter) (D:15)
  A faun (Shoals:2)
  2 cyclopes (Shoals:4)
  A water nymph (Shoals:1)
  3 elephants (Lair:6)
  2 merfolk
  A wind drake (Shoals:3)
  A snapping turtle (Shoals:4)
  A dream sheep (Shoals:4)
  A human (D:15)
  2 water elementals
  4 yaks (Lair:6)
  A water moccasin (Lair:6)
  A manticore zombie (Shoals:3)
  A bullfrog (D:15)
  An orc (Orc:1)
  A kobold (D:15)
  31 demonic plants (Gauntlet)
  66 fungi
  131 plants
  28 tentacles
285 creatures vanquished.

Grand Total: 1315 creatures vanquished

Notes
Turn   | Place    | Note
-------+----------+-------------------------------------------
     0 | D:5      | miscthings the Palentonga Delver began the quest for the
                  | Orb.
     0 | D:5      | Reached XP level 1. HP: 20/20 MP: 1/1
     0 | D:5      | Noticed an orc wizard
     2 | D:5      | Noticed an orc wizard
     2 | D:5      | Noticed an orc wizard
     2 | D:5      | Noticed an orc wizard
     9 | D:5      | Noticed a phantom
   312 | D:3      | Reached XP level 2. HP: 9/27 MP: 2/2
   533 | D:3      | Reached skill level 3 in Axes
   838 | D:2      | Reached XP level 3. HP: 33/33 MP: 3/3
  1213 | D:1      | Reached skill level 4 in Axes
  1752 | D:4      | Reached XP level 4. HP: 34/40 MP: 4/4
  1895 | D:4      | Noticed an ogre
  1898 | D:4      | Reached skill level 5 in Axes
  1905 | D:4      | Killed an ogre
  1905 | D:4      | Reached skill level 6 in Axes
  1905 | D:4      | Reached XP level 5. HP: 30/48 MP: 5/5
  2200 | D:4      | Noticed a phantom
  2212 | D:4      | Reached XP level 6. HP: 46/54 MP: 6/6
  2521 | D:5      | Reached skill level 7 in Axes
  2876 | D:5      | Gained mutation: You curl defensively after being hit.
                  | [Palentonga growth]
  2876 | D:5      | Reached XP level 7. HP: 54/60 MP: 7/7
  2965 | D:5      | Reached skill level 8 in Axes
  3072 | D:5      | Found a runed translucent door.
  3073 | D:5      | Noticed Crazy Yiuf
  3107 | D:5      | Found Ylosch's Magic Scroll Shoppe.
  3112 | D:5      | Bought a scroll of identify for 24 gold pieces
  3112 | D:5      | Bought a scroll of teleportation for 36 gold pieces
  3199 | D:5      | Found a sacrificial altar of Ru.
  3345 | D:5      | Killed Crazy Yiuf
  3442 | D:6      | Reached skill level 9 in Axes
  3559 | D:6      | Reached XP level 8. HP: 46/67 MP: 8/8
  3748 | D:6      | Found a glowing drain.
  3805 | D:6      | Reached skill level 10 in Axes
  4084 | D:6      | Found a staircase to the Ecumenical Temple.
  4093 | Temple   | Entered the Ecumenical Temple
  4102 | Temple   | Became a worshipper of Warmaster Okawaru
  4780 | D:3      | Noticed Sigmund
  4801 | D:3      | Killed Sigmund
  4801 | D:3      | Reached skill level 11 in Axes
  5519 | D:7      | Reached * piety under Okawaru
  5519 | D:7      | Reached XP level 9. HP: 56/73 MP: 9/9
  5775 | D:8      | You fall into a shaft and drop 1 floor!
  5798 | D:8      | Reached skill level 1 in Shields
  5805 | D:8      | Reached skill level 1 in Invocations
  5841 | D:8      | Reached skill level 1 in Armour
  5841 | D:8      | Reached skill level 1 in Evocations
  6155 | D:8      | Reached skill level 12 in Axes
  6202 | D:8      | Reached ** piety under Okawaru
  6225 | D:8      | Found a staircase to the Lair.
  6232 | D:8      | Identified the +5 quarterstaff "Sytues" {vorpal, Str+7}
  6633 | D:8      | Got a heavily runed plate armour
  6644 | D:8      | Identified the cursed +1 plate armour of the Devil's
                  | Advocate {rC- Regen+ Dex+8 SInv} (You found it on level 8
                  | of the Dungeon)
  6709 | D:8      | Noticed a two-headed ogre
  6716 | D:8      | Killed a two-headed ogre
  6716 | D:8      | Reached *** piety under Okawaru
  6716 | D:8      | Reached XP level 10. HP: 85/85 MP: 12/12
  6757 | D:8      | Reached **** piety under Okawaru
  7295 | D:9      | Reached skill level 5 in Fighting
  7325 | D:9      | Noticed an orange crystal statue
  7615 | D:9      | Reached ***** piety under Okawaru
  7615 | D:9      | Reached skill level 13 in Axes
  7695 | D:9      | Killed an orange crystal statue
  7695 | D:9      | Reached XP level 11. HP: 78/94 MP: 14/14
  7707 | D:9      | Got a faintly humming plate armour
  7732 | D:9      | Identified the +7 plate armour of Least Resistance {rElec
                  | rF- MR+} (You found it on level 9 of the Dungeon)
  8038 | D:10     | Entered Level 10 of the Dungeon
  8104 | Lair:1   | Entered Level 1 of the Lair of Beasts
  8734 | Lair:1   | Noticed a seven-headed hydra
  8752 | Lair:1   | Killed a 15-headed hydra
  8752 | Lair:1   | Reached skill level 14 in Axes
  9175 | Lair:1   | Reached skill level 5 in Invocations
  9214 | Lair:1   | Noticed a four-headed hydra
  9923 | Lair:1   | Killed a four-headed hydra
 10219 | Lair:1   | Received a gift from Okawaru
 10220 | Lair:1   | Got a pair of crude gloves {god gift}
 10238 | Lair:1   | Identified the +2 pair of gloves of Negligence {Rampage}
                  | (Okawaru gifted it to you on level 1 of the Lair of Beasts)
 10577 | Lair:1   | Found the +8 whip "Snakebite" {curare, rPois}
 11022 | Lair:1   | You fall into a shaft and drop 1 floor!
 11035 | Lair:2   | Reached skill level 1 in Maces & Flails
 11067 | Lair:2   | Reached ****** piety under Okawaru
 11135 | Lair:2   | Reached XP level 12. HP: 80/102 MP: 16/16
 11425 | Lair:1   | Reached skill level 5 in Maces & Flails
 11962 | Lair:2   | Noticed a death yak
 11964 | Lair:2   | Noticed a death yak
 11965 | Lair:2   | Noticed a death yak
 11977 | Lair:2   | Killed a death yak
 11977 | Lair:2   | Received a gift from Okawaru
 11988 | Lair:2   | Killed a death yak
 12004 | Lair:2   | Killed a death yak
 12004 | Lair:2   | Received a gift from Okawaru
 12004 | Lair:2   | Reached skill level 5 in Dodging
 12004 | Lair:2   | Reached skill level 5 in Evocations
 12637 | Lair:3   | Noticed an eight-headed hydra
 12657 | Lair:3   | Killed an eight-headed hydra
 13017 | Lair:3   | Identified a scroll of acquirement
 13019 | Lair:3   | Acquired the ring "Emuuben" {+Fly rPois rN+ rCorr}
 13185 | Lair:3   | Noticed a five-headed hydra
 13207 | Lair:3   | Killed a five-headed hydra
 13207 | Lair:3   | Reached skill level 5 in Armour
 13567 | Lair:4   | Found a staircase to the Swamp.
 13814 | Lair:4   | Reached XP level 13. HP: 90/112 MP: 14/18
 13936 | Lair:4   | Received a gift from Okawaru
 14019 | Lair:4   | Found a staircase to the Shoals.
 15038 | Lair:5   | Gained mutation: You are somewhat resistant to further
                  | mutation. [potion of mutation]
 15627 | Lair:5   | Reached skill level 10 in Evocations
 16027 | Lair:6   | Entered Level 6 of the Lair of Beasts
 16104 | Lair:6   | Received a gift from Okawaru
 16335 | Lair:5   | Reached XP level 14. HP: 78/120 MP: 17/19
 16515 | Lair:6   | Found a staircase to the Slime Pits.
 16636 | Lair:6   | Reached skill level 5 in Shields
 16749 | Lair:6   | Reached skill level 1 in Throwing
 17061 | Lair:6   | Received a gift from Okawaru
 17442 | Lair:6   | Received a gift from Okawaru
 18581 | D:11     | Found a staircase to the Orcish Mines.
 19059 | D:12     | Noticed Maurice
 19061 | D:12     | Noticed Maurice
 19061 | D:12     | Maurice changed into Maurice the swamp drake
 19067 | D:12     | Killed Maurice the swamp drake
 19067 | D:12     | Noticed Rupert
 19102 | D:12     | Killed Rupert
 19356 | D:12     | Noticed Urug
 19369 | D:12     | Killed Urug
 19377 | D:12     | Got a warped zirconium amulet
 19378 | D:12     | Identified the amulet "Paud" {Spirit rPois rF- Dex-5 SInv}
                  | (You found it on level 12 of the Dungeon)
 19754 | D:12     | You fall into a shaft and drop 2 floors!
 19755 | D:14     | Noticed a vampire knight
 19756 | D:14     | Found the +12 Vampire's Tooth {vamp}
 19756 | D:14     | Noticed a vampire knight
 19801 | D:14     | Killed a vampire knight
 19840 | D:14     | Killed a vampire knight
 19840 | D:14     | Reached XP level 15. HP: 46/131 MP: 6/21
 20776 | D:13     | You fall into a shaft and drop 1 floor!
 20848 | D:14     | Received a gift from Okawaru
 21884 | D:13     | Found a gate to the Vaults.
 22153 | Orc:1    | Entered Level 1 of the Orcish Mines
 22223 | Orc:1    | Found a burning altar of Makhleb.
 22314 | Orc:1    | Received a gift from Okawaru
 22730 | Orc:2    | Entered Level 2 of the Orcish Mines
 22730 | Orc:2    | Found Ysoih's Antique Weapon Shoppe.
 22730 | Orc:2    | Found a staircase to the Elven Halls.
 22734 | Orc:2    | Found Leokako's Antique Weapon Boutique.
 22782 | Orc:2    | Noticed Snorg
 22886 | Orc:2    | Killed Snorg
 22975 | Orc:2    | Received a gift from Okawaru
 22988 | Orc:2    | Reached skill level 10 in Invocations
 22997 | Orc:2    | Identified the +1 plate armour "Aponea" {Dex+3} (Okawaru
                  | gifted it to you on level 2 of the Orcish Mines)
 22998 | Orc:2    | Found Ovoushaf's Gadget Boutique.
 22998 | Orc:2    | Found Qucuhuxt's Magic Scroll Emporium.
 22998 | Orc:2    | Found Xixkuiro's Antique Armour Shoppe.
 22998 | Orc:2    | Found Qijioxy's Gadget Boutique.
 23008 | Orc:2    | Bought a glowing helmet for 157 gold pieces
 23008 | Orc:2    | Bought a pair of embroidered gloves for 157 gold pieces
 23008 | Orc:2    | Bought a slimy ring mail for 189 gold pieces
 23008 | Orc:2    | Identified the cursed +0 ring mail of the Pleiades {*Slow
                  | rF+++ rC+ MP+9} (You bought it in a shop on level 2 of the
                  | Orcish Mines)
 23055 | Orc:2    | Bought a scroll of vulnerability for 75 gold pieces
 23055 | Orc:2    | Bought a scroll of immolation for 35 gold pieces
 23055 | Orc:2    | Bought a scroll of blinking for 75 gold pieces
 23081 | Orc:2    | Found Wocuob's Distillery.
 23242 | Orc:2    | Found Yfauta's Gadget Shop.
 23354 | Orc:2    | Found Pidoukuk's Book Emporium.
 23496 | Orc:2    | Bought a box of beasts for 600 gold pieces
 23496 | Orc:2    | Bought a condenser vane for 600 gold pieces
 23775 | D:14     | Reached XP level 16. HP: 103/143 MP: 21/23
 23856 | D:14     | Found a shadowy altar of Dithmenos.
 24294 | D:15     | Entered Level 15 of the Dungeon
 24473 | D:15     | Found a gate leading to a gauntlet.
 24487 | Gauntlet | Entered a Gauntlet
 24487 | Gauntlet | Found a transporter.
 24497 | Gauntlet | Found a transporter.
 24512 | Gauntlet | Found a transporter.
 24517 | Gauntlet | Found a transporter.
 24532 | Gauntlet | Found a transporter.
 24551 | Gauntlet | Found a transporter.
 24563 | Gauntlet | Found a transporter.
 24565 | Gauntlet | Identified the ring of Hedonism {rPois rF+ rN+ Str+4}
 24575 | Gauntlet | Found a transporter.
 24587 | Gauntlet | Found a transporter.
 24599 | Gauntlet | Found a transporter.
 24602 | Gauntlet | Identified the amulet "Barpho Idam" {RegenMP rF+ Str+8
                  | Dex-2 SInv}
 24616 | Gauntlet | Found a transporter.
 24634 | Gauntlet | Found a transporter.
 24636 | Gauntlet | Found a transporter.
 24663 | Gauntlet | Found a transporter.
 24681 | Gauntlet | Found a transporter.
 24683 | Gauntlet | Found a transporter.
 24685 | Gauntlet | Found a transporter.
 24713 | Gauntlet | Found a transporter.
 24899 | Gauntlet | Reached skill level 10 in Fighting
 24929 | Gauntlet | Identified the ring of Lafir {+Fly Int+3} (You found it in
                  | a Gauntlet)
 25007 | Gauntlet | Identified the -10 tower shield "Cog Puis" {Dex+2} (You
                  | found it in a Gauntlet)
 25160 | D:15     | Reached skill level 5 in Throwing
 25479 | D:15     | Noticed Kirke
 25521 | D:15     | Killed Kirke
 25585 | D:15     | Found Cevu's Antique Weapon Shoppe.
 25667 | D:15     | Received a gift from Okawaru
 26010 | D:15     | Received a gift from Okawaru
 26040 | D:15     | Found a staircase to the Depths.
 26519 | Shoals:1 | Entered Level 1 of the Shoals
 26624 | Shoals:1 | Received a gift from Okawaru
 28031 | Shoals:2 | Received a gift from Okawaru
 28483 | Shoals:2 | Reached XP level 17. HP: 144/154 MP: 20/24
 28607 | Shoals:2 | Noticed a kraken
 28640 | Shoals:2 | Killed a kraken
 28792 | Shoals:3 | Received a gift from Okawaru
 29471 | Shoals:3 | Found the amulet of the Air {Inacc +Fly rElec EV+5 RMsl}
 29665 | Shoals:3 | Found Taagyir's Weapon Emporium.
 29867 | Shoals:4 | Entered Level 4 of the Shoals
 29867 | Shoals:4 | Found Vomne's Book Shop.
 29872 | Shoals:4 | Noticed a kraken
 29877 | Shoals:4 | Received a gift from Okawaru
 30254 | Shoals:4 | Killed a kraken
 30264 | Shoals:4 | Found Kaasha's Jewellery Shoppe.
 30642 | Shoals:4 | Reached skill level 10 in Dodging
 30657 | Shoals:4 | Identified the +4 whip of Integrity {vorpal, Stlth+} (You
                  | found it on level 4 of the Shoals)
 30668 | Shoals:4 | Found Rekaon's Distillery.
 30738 | Shoals:4 | Bought a potion of curing for 54 gold pieces
 30738 | Shoals:4 | Bought a potion of mutation for 144 gold pieces
 30738 | Shoals:4 | Bought a potion of heal wounds for 90 gold pieces
 30738 | Shoals:4 | Bought a potion of curing for 54 gold pieces
 30911 | Shoals:4 | Reached skill level 10 in Armour
 31250 | Shoals:4 | Got a barnacled rune of Zot
 31299 | Shoals:4 | Found Feuzut's Gadget Boutique.
 31307 | Shoals:4 | Identified the +3 flail "Jackuj" {vorpal, rF+ rC+ Int+2
                  | Dex-4} (You found it on level 4 of the Shoals)
 31354 | Shoals:4 | Found Eluph's Antique Weapon Emporium.
 31362 | Shoals:4 | Bought a polished morningstar for 297 gold pieces
 31362 | Shoals:4 | Identified the cursed +1 morningstar of Dust {flame, Str+4}
                  | (You bought it in a shop on level 4 of the Shoals)
 32151 | Shoals:4 | Received a gift from Okawaru
 32453 | Swamp:1  | Entered Level 1 of the Swamp
 32605 | Swamp:1  | Gained mutation: You are weak. (Str -2) [mutagenic glow]
 33024 | Swamp:1  | Slain by an eight-headed hydra

Illustrated notes

Levels and vault maps discovered:
D:1:      dpeg_arrival_shrine, layout_loops_ring
D:2:      layout_loops_ring, hangedman_abyss_or_decor_lesser_grid,
          minmay_misc_feat_hallway
D:3:      layout_rooms, roderic_serpentine_path, uniq_sigmund
D:4:      layout_gridville
D:5:      layout_rooms, hangedman_ru_absence, serial_shops, shop,
          minmay_a_box_with_orc_wizards_in_it, uniq_crazy_yiuf_cottage
D:6:      layout_cave_pools, minmay_temple_entry_poolview, portal_sewer_entry_e
D:7:      layout_gridville
D:8:      layout_cave_pools, due_lair_maze_entry_diamond
D:9:      layout_roguey [special_room_bee], minivault_27,
          minmay_protected_statue
D:10:     layout_rooms
D:11:     layout_cave_pools, orc_0_dummy
D:12:     layout_roguey, hangedman_abyss_or_decor_passed, uniq_urug,
          uniq_maurice, uniq_rupert
D:13:     layout_loops_corners, grunt_vaults_entry_fortified
D:14:     layout_roguey, grunt_dithmenos_shadows,
          minmay_guarded_unrand_vampires_tooth
D:15:     hangedman_depths_entry_civil_slaughter, layout_basic,
          gauntlet_entry_generic, serial_shops,
          nicolae_shop_competitors_out_of_business, minmay_diced_spiral,
          uniq_kirke
Temple:   grunt_wide_crystal_templ
Lair:1:   minmay_guarded_unrand_snakebite, layout_cellular_growth,
          lemuel_fruit_tree, grunt_megastairs_1
Lair:2:   layout_misc_corridors
Lair:3:   layout_roguey, minmay_lair_oklob_chamber
Lair:4:   layout_gridlike, minmay_swamp_entry_worms, elwin_shoals_entry_rocks
Lair:5:   pond_and_an_island_with_a_cottage, layout_loops_ring,
          kilobyte_rumbling_trees, infiniplex_staircase_pool_2
Lair:6:   evilmike_catoblepas_cave, layout_long_grid,
          nicolae_slime_entry_slimehenge
Swamp:1:  layout_basic_swamp, hangedman_swamp_ruin_wall, swamp_pool4,
          nicolae_swamp_necromancer_hut
Shoals:1: layout_shoals, nicolae_shoals_seven_spires
Shoals:2: layout_shoals
Shoals:3: layout_shoals, serial_shops, nicolae_shop_crystal,
          nicolae_shoals_undead_eyrie
Shoals:4: shoals_end_grunt_ice, layout_shoals, serial_shops,
          nicolae_shop_waterfront, shop, shop, shop, shop_coins
Orc:1:    layout_caves, basic_altar
Orc:2:    st_orc_ogre_mass, layout_caves, serial_shops, shop, shop, shop,
          nicolae_shop_waterfront, nicolae_shop_crystal, sword_in_stone,
          uniq_snorg

Skill      XL: |  1  2  3  4  5  6  7  8  9 10 11 12 13 14 15 16 17 |
---------------+----------------------------------------------------+-----
Axes           | 3 4 6 7 9 11 12 13 14 | 14.0
Shields        | 2 4 6 7 8 9 |  9.0
Invocations    | 3 4 5 6 7 8 10 | 10.0
Armour         | 2 3 4 5 6 7 9 10 | 10.7
Dodging        | 3 4 5 6 7 8 9 10 | 10.8
Evocations     | 2 3 4 5 10 11 12 | 12.0
Fighting       | 4 5 6 7 8 9 11 12 | 12.8
Maces & Flails | 4 8 |  8.0
Throwing       | 3 4 5 |  5.0
Stealth        | |  3.3

Action                   |  1- 3 |  4- 6 |  7- 9 | 10-12 | 13-15 | 16-18 || total
-------------------------+-------+-------+-------+-------+-------+-------++-------
Melee: Hand axe          |    79 |    84 |   474 |   515 |       |       ||  1152
       Tailslap          |     8 |    10 |    54 |   150 |   352 |   338 ||   912
       Whip              |       |       |       |   367 |  1938 |  1700 ||  4005
       Flail             |       |       |       |    13 |       |       ||    13
Throw: Dart              |     4 |    19 |    22 |     5 |     1 |       ||    51
       Boomerang         |       |       |     5 |       |       |       ||     5
Invok: Heroism           |       |       |       |     5 |     2 |     2 ||     9
       Finesse           |       |       |       |       |     3 |     4 ||     7
 Abil: Rolling Charge    |    25 |    13 |    72 |    33 |   103 |    76 ||   322
       Evoke Invisibilit |       |       |       |       |    14 |    42 ||    56
       Evoke Flight      |       |       |       |       |     1 |       ||     1
Evoke: Wand              |     6 |     2 |    10 |    11 |    11 |    27 ||    67
       Lightning rod     |       |       |       |       |     2 |     6 ||     8
       Box of beasts     |       |       |       |       |       |     2 ||     2
       Condenser vane    |       |       |       |       |       |     1 ||     1
  Use: Scroll            |     1 |       |    12 |    12 |    11 |     9 ||    45
       Potion            |       |       |       |     2 |     2 |     4 ||     8
 Stab: Sleeping          |       |       |     1 |       |       |       ||     1
       Invisible         |       |       |       |       |    60 |   197 ||   257
       Paralysed         |       |       |       |       |    21 |       ||    21
Armor: Leather armour    |    38 |    30 |   123 |       |       |       ||   191
       Plate armour      |       |       |     5 |   466 |   642 |   634 ||  1747
Dodge: Dodged            |    26 |    26 |   142 |   135 |   216 |   519 ||  1064
Block: Buckler           |     2 |     5 |    47 |   108 |       |       ||   162
       Kite shield       |       |       |       |    50 |   484 |   630 ||  1164

Table legend: (Time is in decaauts)
 A = Elapsed time spent in this place.
 B = Non-inter-level travel time spent in this place.
 C = Inter-level travel time spent in this place.
 D = Time resting spent in this place.
 E = Time spent auto-exploring this place.
 F = Levels seen in this place.
 G = Mean time per level.
                   A        B        C        D        E       F      G
               +--------+--------+--------+--------+--------+-----+--------+
         Total |  30980 |  28234 |   2746 |   7615 |  13588 |  30 | 1032.7 |
       Dungeon |  14764 |  13080 |   1684 |   3257 |   6528 |  15 |  984.3 |
        Temple |     17 |      9 |      8 |      0 |      5 |   1 |   17.0 |
          Lair |   8515 |   7751 |    764 |   2019 |   3977 |   6 | 1419.2 |
         Swamp |    510 |    510 |      0 |    214 |    117 |   1 |  510.0 |
        Shoals |   5397 |   5212 |    185 |   2059 |   2082 |   4 | 1349.2 |
  Orcish Mines |   1234 |   1132 |    102 |     28 |    684 |   2 |  617.0 |
      Gauntlet |    540 |    540 |      0 |     37 |    194 |   1 |  540.0 |
               +--------+--------+--------+--------+--------+-----+--------+

Top non-repeatable levels by time:
  Lair:1: 2605 daAuts
Shoals:4: 1972 daAuts
    D:13: 1472 daAuts
  Lair:5: 1469 daAuts
     D:8: 1416 daAuts
  Lair:6: 1383 daAuts
Shoals:1: 1266 daAuts
Shoals:3: 1258 daAuts
    D:14: 1205 daAuts
    D:15: 1172 daAuts
  Lair:4: 1119 daAuts
     D:9: 1107 daAuts
     D:4: 1097 daAuts
  Lair:3: 1064 daAuts
     D:3: 998 daAuts
